 Dungeon Crawl Stone Soup version 0.26-b1-32-g5d43845318 (webtiles) character file.

Game seed: 15174361492748975764

61 MTVSty1e the Chopper (level 4, -6/28 HPs)
             Began as a Gargoyle Fighter on Jan 9, 2021.
             Killed from afar by Sigmund (9 damage)
             ... with a magic dart
             ... on level 2 of the Dungeon.
             The game lasted 00:01:19 (1516 turns).

MTVSty1e the Chopper (Gargoyle Fighter)             Turns: 1516, Time: 00:01:20

Health: -6/28      AC: 10    Str: 21    XL:     4   Next: 7%
Magic:  4/4        EV:  7    Int:  8    God:
Gold:   136        SH:  9    Dex:  9    Spells: 3/3 levels left

rFire    . . .     SeeInvis .   a - +0 war axe
rCold    . . .     Faith    .   c - +0 kite shield
rNeg     + . .     Spirit   .   b - +0 scale mail
rPois    ∞         Reflect  .   (no helmet)
rElec    +         Harm     .   (no cloak)
rCorr    .         Rampage  .   (no gloves)
Will     .....                  (no boots)
Stlth    ..........             (no amulet)
HPRegen  0.09/turn              (no ring)
MPRegen  0.09/turn              (no ring)

@: mighty
A: negative energy resistance 1, electricity resistance, unbreathing,
petrification resistance, miasma immunity, AC +3
a: no special abilities


You were on level 2 of the Dungeon.
You visited 1 branch of the dungeon, and saw 2 of its levels.

You collected 136 gold pieces.

Inventory:

Hand Weapons
 a - a +0 war axe (weapon)
Armour
 b - a +0 scale mail (worn)
 c - a +0 kite shield (worn)
Jewellery
 g - a +6 ring of dexterity {unknown}
 j - an uncursed ring of protection from fire {unknown}
Scrolls
 h - 2 scrolls of teleportation {unknown}
 i - a scroll of identify {unknown}
 l - a scroll of magic mapping {unknown}
 n - a scroll of remove curse {unknown}
Potions
 e - 2 potions of haste {unknown}
 f - 2 potions of mutation {unknown}
 k - a potion of invisibility {unknown}
 m - a potion of flight {unknown}
 o - a potion of lignification {unknown}
 p - a potion of berserk rage {unknown}


   Skills:
 - Level 3.2 Fighting
 * Level 3.8 Axes
 - Level 3.2 Armour
 - Level 3.2 Shields


You had 3 spell levels left.
You didn't know any spells.
Your spell library was empty.

Dungeon Overview and Level Annotations

Branches:
Dungeon (2/15)

Altars:
Dithmenos
Elyvilon
Gozag

Annotations:
D:2 Sigmund


Innate Abilities, Weirdness & Mutations

You are resistant to torment.
Your stone body is resilient. (AC +3)
You are immune to poison.
You resist negative energy. (rN+)
You are resistant to electric shocks. (rElec)
You can survive without breathing.
You are immune to petrification.
You are immune to miasma.


Message History

Sigmund hits you with a +2 antimagic scythe.
You bump into the rock wall.
You bump into the rock wall.
Sigmund casts a spell at you. The magic dart hits you.
You bump into the rock wall.
Sigmund casts a spell at you. The puff of flame hits you!
* * * LOW HITPOINT WARNING * * *
You bump into the rock wall.
Sigmund hits you but does no damage.
You bump into the rock wall.
Sigmund closely misses you.
You slash Sigmund!
Sigmund is heavily wounded.
You feel less confused.
You hit Sigmund.
Sigmund is severely wounded.
Sigmund flickers, as though insubstantial.
Sigmund casts a spell at you. The magic dart hits you!
You die...

#...#.....# #........#
#8_8##.##.###.######.#
######........#
##..#..#.# #...#....#
#.#####..# #...#...##
###.#.### #@).# #.@.#
# #.....# ## #.[.....#
.##.## #.........#
...... +.........+
###. #.........#
##.....?.##


You could see Sigmund.

Vanquished Creatures
  An adder (D:2)
  A worm (D:2)
  A dart slug (D:1)
  3 leopard geckos (D:1)
  A giant cockroach (D:2)
  4 goblins
  2 hobgoblins (D:2)
  4 jackals
  A quokka (D:2)
  2 ball pythons (D:1)
  8 bats
  A frilled lizard (D:1)
  4 kobolds
  13 rats
46 creatures vanquished.

Notes
Turn   | Place    | Note
-------+----------+-------------------------------------------
     0 | D:1      | MTVSty1e the Gargoyle Fighter began the quest for the Orb.
     0 | D:1      | Reached XP level 1. HP: 14/14 MP: 1/1
   135 | D:1      | Reached XP level 2. HP: 18/19 MP: 2/2
   327 | D:1      | Reached XP level 3. HP: 23/23 MP: 3/3
   796 | D:2      | Found a white marble altar of Elyvilon.
  1242 | D:2      | Found a shadowy altar of Dithmenos.
  1307 | D:2      | Found an opulent altar of Gozag.
  1427 | D:2      | Reached XP level 4. HP: 28/28 MP: 4/4
  1500 | D:2      | Noticed Sigmund
  1516 | D:2      | Killed from afar by Sigmund

Illustrated notes

Levels and vault maps discovered:
D:1:      lemuel_arrival_broad_hall, layout_rooms, minmay_misc_feat_cross,
          minmay_rat_gold_closets
D:2:      layout_loops_corners, marbit_many_paths, elyvilon_altar_1,
          grunt_gozag_breadcrumbs, uniq_sigmund

Skill      XL: |  1  2 |
---------------+-------+-----
Axes           | 2 3 |  3.8
Fighting       | |  3.2
Armour         | |  3.2
Shields        | |  3.2

Action                   |  1- 3 |  4- 6 || total
-------------------------+-------+-------++-------
Melee: War axe           |   131 |     5 ||   136
  Use: Potion            |       |     1 ||     1
Armor: Scale mail        |    91 |     3 ||    94
Dodge: Dodged            |    70 |     3 ||    73
Block: Kite shield       |    70 |     1 ||    71
